 Dungeon Crawl Stone Soup version 0.20-a0-809-gaf7f668 (webtiles) character file.

2482 Aksej the Covert (level 9, -8/66 HPs)
             Began as an Octopode Assassin on Mar 3, 2017.
             Was a Believer of Wu Jian.
             Mangled by Gastronok (39 damage)
             ... on level 8 of the Dungeon.
             The game lasted 00:15:41 (7821 turns).

Aksej the Covert (Octopode Assassin)                Turns: 7821, Time: 00:15:42

Health: -8/66      AC:  1    Str: 13    XL:     9   Next: 52%
Magic:  9/9        EV: 15    Int: 13    God:    Wu Jian [**....]
Gold:   352        SH:  0    Dex: 17    Spells: 8/8 levels left

rFire    + + .     SeeInvis .   a - +5 short sword (speed)
rCold    + . .     Gourm    .   (no shield)
rNeg     . . .     Faith    .   (helmet restricted)
rPois    .         Spirit   .   (no amulet)
rElec    .         Reflect  .   i - ring of resist corrosion
rCorr    +         Harm     .   v - ring of protection from fire
MR       .....                  n - ring of protection from cold
Stlth    ++++++....             (no ring)
Regen    0.3/turn               (no ring)
MPRegen  0.2/turn               (no ring)
                                (no ring)
                                (no ring)

@: mighty, very slightly contaminated, hasted, very quick
A: almost no armour, stealthy swim, amphibious, 8 rings, constrict 8, tentacle
spike 1, camouflage 1, fire resistance 1, robust 1, weak 1, gelatinous body 1
a: Renounce Religion


You were on level 8 of the Dungeon.
You worshipped Wu Jian.
Wu Jian was pleased with you.
You were hungry.

You visited 2 branches of the dungeon, and saw 9 of its levels.

You collected 352 gold pieces.

Inventory:

Hand Weapons
 a - a +5 short sword of speed (weapon)
 b - a +0 blowgun
Missiles
 c - 50 poisoned needles
 d - 2 curare-tipped needles
Jewellery
 i - a ring of resist corrosion (left tentacle)
 n - a ring of protection from cold (on tentacle)
 v - a ring of protection from fire (right tentacle)
Wands
 j - a wand of digging (6/24)
 s - a wand of paralysis (21/24)
 y - a wand of enslavement (20/24)
 B - a wand of lightning (4/15)
Scrolls
 l - 7 scrolls of remove curse
 m - 3 scrolls of blinking
 o - a scroll of fear
 p - a scroll of amnesia
 q - 3 scrolls of teleportation
Potions
 e - 4 potions of flight
 g - a potion of lignification
 h - a potion of resistance
 u - 2 potions of invisibility
 x - 2 potions of agility
 A - 3 potions of haste
Comestibles
 f - 3 bread rations
 k - 4 meat rations
 z - 5 fruits


   Skills:
 + Level 4.8 Fighting
 * Level 8.6 Short Blades
 + Level 2.2 Throwing
 + Level 3.2 Dodging
 + Level 11.6 Stealth


You had 8 spell levels left.
You didn't know any spells.

Dungeon Overview and Level Annotations

Branches:
Dungeon (8/15)             Temple (1/1) D:4
   Lair: D:8-11

Altars:
Ashenzari
Cheibriados
Dithmenos
Elyvilon
Gozag
Kikubaaqudgha
Okawaru
Qazlal
Ru
Sif Muna
Trog
Uskayaw
Vehumet
Wu Jian
Xom
Yredelemnul
Zin
The Shining One

Shops:
D:5 %   D:6 :

Annotations:
D:3 lolicon's ghost, amateur NaFi
D:8 Gastronok


Innate Abilities, Weirdness & Mutations

You cannot wear most types of armour.
You are very stealthy in the water. (Stealth+)
You are amphibious.
You can wear up to eight rings at the same time.
You can use your tentacles to constrict eight enemies at once.
Your skin changes colour to match your surroundings (Stealth+).
Your rubbery body absorbs attacks. (AC +1, EV +1)
One of your tentacles bears a spike.
Your flesh is heat resistant. (rF+)
You are robust. (+10% HP)
You are weak. (Str -2)


Message History

Gastronok is lightly wounded.
You hit Gastronok but do no damage.
You pierce Gastronok, but do no damage.
Gastronok is lightly wounded.
Gastronok bites you.
You puncture Gastronok!
You pierce Gastronok, but do no damage.
Gastronok is lightly wounded.
You feel very mighty all of a sudden. Gastronok bites you!!
You are feeling hungry.
You hit Gastronok.
You pierce Gastronok.
Gastronok is moderately wounded.
You hit Gastronok.
You pierce Gastronok.
You squeeze Gastronok!
Gastronok is moderately wounded.
You feel yourself speed up.
You are very lightly contaminated with residual magic.
You puncture Gastronok!
Gastronok is heavily wounded.
Gastronok bites you!!!
Ouch! That really hurt!
You die...

#.# #.# #.# #.# ####
########.# #...
#........######
###...###.######.......
#...>w..#.######..#####
#.....@.......##..#
#.......#.###.#...###..
###...###.# #.........#
#... #.# ###...#####
##.# #......(..# #.
########..... #.
#.##### #. #+#


You could see Gastronok.

Vanquished Creatures
  Sigmund (D:2)
  A black bear (D:7)
  2 orc warriors (D:7)
  A sky beast (D:5)
  2 phantoms
  An ogre (D:7)
  An ice beast (D:8)
  A bullfrog (D:7)
  A gnoll sergeant (D:5)
  3 scorpions
  3 wights (D:6)
  2 howler monkeys
  A centaur zombie (D:7)
  4 crimson imps
  A bullfrog zombie (D:5)
  3 orc priests (D:5)
  A jelly (D:7)
  3 hounds
  5 orc wizards
  A bullfrog skeleton (D:7)
  Jessica (D:2)
  Terence (D:3)
  An iguana (D:7)
  6 worker ants
  A hound zombie (D:5)
  4 gnolls (D:5)
  12 adders
  2 shadow imps
  An ooze (D:4)
  An adder zombie (D:7)
  4 worms
  6 dart slugs
  2 leopard geckos
  19 orcs
  6 giant cockroaches
  9 goblins
  9 hobgoblins
  8 jackals
  10 kobolds
  A quokka (D:5)
  A ball python (D:2)
  5 bats
  7 frilled lizards
  A jackal skeleton (D:5)
  A quokka zombie (D:6)
  6 rats
163 creatures vanquished.

Notes
Turn   | Place    | Note
-------+----------+-------------------------------------------
     0 | D:1      | Aksej the Octopode Assassin began the quest for the Orb.
     0 | D:1      | Reached XP level 1. HP: 14/14 MP: 1/1
   117 | D:1      | Reached XP level 2. HP: 19/19 MP: 2/2
   177 | D:1      | Reached skill level 6 in Stealth
   260 | D:1      | Reached XP level 3. HP: 10/24 MP: 3/3
   796 | D:2      | Reached XP level 4. HP: 29/29 MP: 4/4
   829 | D:2      | Noticed Jessica
   860 | D:2      | Killed Jessica
   860 | D:2      | Reached skill level 7 in Stealth
  1503 | D:2      | Reached XP level 5. HP: 34/34 MP: 5/5
  1536 | D:2      | Noticed Sigmund
  1540 | D:2      | Killed Sigmund
  1540 | D:2      | Reached skill level 8 in Stealth
  1540 | D:2      | Reached XP level 6. HP: 41/41 MP: 6/6
  1577 | D:2      | Gained mutation: Your flesh is heat resistant. (rF+) [potion of mutation]
  1577 | D:2      | Gained mutation: You are robust. (+10% HP) [potion of mutation]
  1577 | D:2      | Gained mutation: You are weak. (Str -2) [potion of mutation]
  1577 | D:2      | Gained mutation: One of your tentacles bears a spike. [potion of mutation]
  1779 | D:3      | Noticed Terence
  1796 | D:3      | Killed Terence
  2258 | D:3      | Noticed lolicon's ghost (amateur NaFi)
  2296 | D:4      | Found a staircase to the Ecumenical Temple.
  2313 | Temple   | Entered the Ecumenical Temple
  2379 | Temple   | Became a worshipper of the Wu Jian Council
  2441 | D:4      | Reached XP level 7. HP: 49/49 MP: 7/7
  2615 | D:4      | Reached skill level 9 in Stealth
  2785 | D:4      | Found an iron altar of Okawaru.
  2787 | D:4      | Found a shattered altar of Ashenzari.
  3477 | D:5      | Entered Level 5 of the Dungeon
  3516 | D:5      | Reached skill level 5 in Short Blades
  4000 | D:5      | Reached skill level 10 in Stealth
  4110 | D:5      | Reached * piety under Wu Jian
  4110 | D:5      | Reached XP level 8. HP: 45/57 MP: 8/8
  4598 | D:5      | Found Yczem's Food Emporium.
  6263 | D:6      | Found Owoelin's Book Shop.
  6548 | D:6      | Reached XP level 9. HP: 50/64 MP: 9/9
  6758 | D:7      | Reached skill level 11 in Stealth
  6929 | D:7      | Found a stormy altar of Qazlal.
  6968 | D:7      | Reached ** piety under Wu Jian
  7201 | D:7      | Found a bloodstained altar of Trog.
  7206 | D:7      | Noticed a hand axe
  7207 | D:7      | Noticed a dagger
  7216 | D:7      | Found a hide-covered altar of Uskayaw.
  7807 | D:8      | Noticed Gastronok
  7821 | D:8      | Mangled by Gastronok

Vault maps used:
D:1:      dpeg_arrival_chambers_temple_mockup, minmay_hexomino_f4
D:2:      uniq_jessica, uniq_sigmund
D:3:      marbit_many_paths, uniq_terence
D:4:      chequers_temple_overflow_statue_of_worship, temple_hall, first_bread
D:5:      serial_shops, shop
D:6:      serial_shops, shop
D:7:      nicolae_qazlal_style_of_elements, dancing_weapons_uskayaw, bloody_trog
D:8:      uniq_erica, uniq_gastronok
Temple:   eino_temple_rhombus

Skill      XL: |  1  2  3  4  5  6  7  8  9 |
---------------+----------------------------+-----
Stealth        | 6 7 8 10 11 | 11.6
Short Blades   | 3 4 5 7 8 |  8.6
Fighting       | 3 4 |  4.8
Dodging        | 2 3 |  3.2
Throwing       | |  2.2

Action                   |  1- 3 |  4- 6 |  7- 9 || total
-------------------------+-------+-------+-------++-------
Melee: Dagger            |    56 |    94 |    84 ||   234
       Constrict         |     9 |    18 |    46 ||    73
       Tentacles         |     9 |    15 |    79 ||   103
       Kick              |       |    11 |   116 ||   127
       Short sword       |       |       |   241 ||   241
Evoke: Wand              |       |       |     2 ||     2
  Use: Scroll            |    11 |     2 |    16 ||    29
       Potion            |     1 |     1 |     4 ||     6
 Stab: Sleeping          |    12 |    17 |    25 ||    54
       Distracted        |     1 |       |     3 ||     4
  Eat: Chunk             |       |     5 |    16 ||    21
Armor: Skin              |     2 |     1 |     4 ||     7
Dodge: Dodged            |    22 |    44 |   107 ||   173
